 Dungeon Crawl Stone Soup version 0.28.0-43-g3370ac3207 (webtiles) character file.

Game seed: 14755694676083814819

109 Araneus the Covered (level 4, -10/36 HPs)
             Began as a Demonspawn Fighter on Mar 10, 2022.
             Killed by nerve-wracking pain
             ... invoked by a shadow imp
              (12 damage)
             ... on level 5 of the Dungeon.
             The game lasted 00:04:23 (2089 turns).

Araneus the Covered (Demonspawn Fighter)            Turns: 2089, Time: 00:04:24

Health: -10/36     AC: 13    Str: 18    XL:     4   Next: 59%
Magic:  4/4        EV:  9    Int: 10    God:
Gold:   42         SH:  4    Dex: 12    Spells: 3/3 levels left

rFire   . . .      SeeInvis .   a - +0 flail (vorpal)
rCold   . . .      Faith    .   c - +0 buckler
rNeg    . . .      Spirit   .   b - +0 scale mail
rPois   .          Reflect  .   (no helmet)
rElec   .          Harm     .   (no cloak)
rCorr   .          Rampage  .   (no gloves)
Will    .....                   (no boots)
Stlth   ..........              (no amulet)
HPRegen 0.12/turn               (no ring)
MPRegen 0.09/turn               (no ring)

@: sanguine armoured
A: hooves 1, sanguine armour 1
a: no special abilities


You were on level 5 of the Dungeon.
You visited 1 branch of the dungeon, and saw 4 of its levels.

You collected 42 gold pieces.

Inventory:

Hand Weapons
 a - a +0 vorpal flail (weapon)
Armour
 b - a +0 scale mail (worn)
 c - a +0 buckler (worn)
 n - a scarf of repulsion
Scrolls
 e - 2 scrolls of holy word {unknown}
 i - 4 scrolls of identify {unknown}
Potions
 d - a potion of might
 f - a potion of degeneration {unknown}
 h - 2 potions of haste {unknown}


   Skills:
 + Level 3.6 Fighting
 + Level 2.6 Maces & Flails
 + Level 3.8 Armour
 + Level 0.2 Dodging
 + Level 0.1 Stealth
 + Level 2.9 Shields


You had 3 spell levels left.
You didn't know any spells.
Your spell library contained the following spells:

 Spells                   Type           Power      Damage    Failure   Level
 Call Canine Familiar     Summ           0%         N/A       99%         3
 Portal Projectile        Hex/Tloc       0%         N/A       99%         3
 Leda's Liquefaction      Hex/Erth       0%         N/A       100%        4


Dungeon Overview and Level Annotations

Branches:
Dungeon (3/15)

Altars:


Innate Abilities, Weirdness & Mutations

You have large cloven feet.
When seriously injured, your blood forms armour. (AC +6)


Message History

You hit the howler monkey skeleton. You kick the howler monkey skeleton.
The howler monkey skeleton is heavily damaged.
The howler monkey skeleton barely misses you.
You hit the howler monkey skeleton.
You kick the howler monkey skeleton, but do no damage.
The howler monkey skeleton is severely damaged.
The howler monkey skeleton hits you.
* * * LOW HITPOINT WARNING * * *
You block the howler monkey skeleton's attack.
You thump the howler monkey skeleton!
You destroy the howler monkey skeleton!
There is an open door here.
Found a lead wand.
Found 4 gold pieces.
Found 14 stones and 12 gold pieces.
A black bear comes into view.
The black bear growls angrily.
You hear a shout!
You hear an angry hiss.
An adder and a scorpion come into view.
Found 24 stones and a curved wooden wand.
The adder hisses angrily.
The shadow imp gestures at you. Pain shoots through your body!
* * * LOW HITPOINT WARNING * * *
An orc comes into view. It is wielding a +1 vorpal mace.
As you read the scroll labelled ZARHOSA WYUTTO, it crumbles to dust.
It is a scroll of brand weapon.
Your +0 flail emits a brilliant flash of light!
a - a +0 vorpal flail (weapon)
The shadow imp shouts, "Bolt, thou villainous swag-bellied malt-worm!"
As you read the scroll labelled FULUG EXTOWOKUI, it crumbles to dust.
The scroll dissolves into smoke.
It was a scroll of fog.
You block the scorpion's attack.
As you read the scroll labelled UGGEAMA UMUDE, it crumbles to dust.
You feel aware of your surroundings.
You sensed 1 altar.
It was a scroll of magic mapping.
The shadow imp closely misses you.
The scorpion stings you but does no damage.
You block the shadow imp's attack. The shadow imp gestures at you.
Pain shoots through your body!
You die...

#..###*,,*..S..*,,,,**,,*
...#.##*,*,§.§,*,,,,,*,,*
#..#..##*###§###*,,,,*,,*
#..'...###§S§§§##*,,,+,,*
#..#....###§§§§§##*,,*,**
#..#.5...###§o§..##*,*,*
#..##.....###.§§s.##**,*
#..###.)...###Sh5..#**,*
#..#####'#######@####..*
#......................#
#...............########
*################


You could see a black bear, a scorpion, an adder, a shadow imp and an orc.

Vanquished Creatures
  A scorpion zombie (D:3)
  A howler monkey skeleton (D:5)
  3 adders (D:2)
  A worm (D:2)
  A dart slug (D:1)
  3 endoplasms
  6 giant cockroaches
  5 goblins
  3 hobgoblins
  3 kobolds
  3 ball pythons
  6 bats
  2 frilled lizards
  A giant cockroach zombie (D:3)
  5 rats
44 creatures vanquished.

Notes
Turn   | Place    | Note
-------+----------+-------------------------------------------
     0 | D:1      | Araneus the Demonspawn Fighter began the quest for the Orb.
     0 | D:1      | Reached XP level 1. HP: 18/18 MP: 1/1
   418 | D:1      | Gained mutation: When seriously injured, your blood forms
                  | armour. (AC +6) [demonic ancestry]
   418 | D:1      | Reached XP level 2. HP: 24/24 MP: 2/2
   900 | D:1      | Found a faded altar of an unknown god.
  1179 | D:2      | Gained mutation: You have large cloven feet. [demonic
                  | ancestry]
  1179 | D:2      | Reached XP level 3. HP: 29/29 MP: 3/3
  1735 | D:2      | Reached XP level 4. HP: 34/35 MP: 4/4
  1985 | D:3      | You fall into a shaft and drop 2 floors!
  1985 | D:5      | Entered Level 5 of the Dungeon
  1985 | D:5      | Noticed a scorpion
  2080 | D:5      | Noticed a black bear
  2081 | D:5      | Noticed a scorpion
  2081 | D:5      | HP: 1/36 [shadow imp/nerve-wracking pain (3)]
  2089 | D:5      | Killed from afar by a shadow imp

Illustrated notes

Levels and vault maps discovered:
D:1:      minmay_arrival_checkered_box, layout_loops_ring, serial_rivers,
          chequers_serial_rivers_micro_c, chequers_serial_rivers_large_b,
          chequers_serial_rivers_micro_b, chequers_serial_rivers_large_a,
          chequers_serial_rivers_small_3, chequers_serial_rivers_micro_b,
          shapermc_ecumenical_altar_hornbeckon, serial_bayou_ford_a,
          minmay_unequal
D:2:      layout_basic
D:3:      layout_loops_cross, elyvilon_altar_3,
          mainiacjoe_overflow_tiny_flanked, grunt_gozag_breadcrumbs, minitemple,
          serial_undead, serial_undead_b, serial_undead_c, serial_undead_f,
          serial_undead_e, amcnicky_altar_lugonu_corruption
D:5:      layout_gridville, lemuel_round_altar, grunt_decor_arrowhead,
          minmay_quadrilaterals

Skill      XL: |  1  2 |
---------------+-------+-----
Maces & Flails | 2 |  2.6
Armour         | 3 |  3.8
Fighting       | |  3.6
Dodging        | |  0.2
Stealth        | |  0.1
Shields        | |  2.9

Action                   |  1- 3 |  4- 6 || total
-------------------------+-------+-------++-------
Melee: Flail             |    81 |    25 ||   106
       Kick              |     7 |    10 ||    17
  Use: Scroll            |       |     5 ||     5
Armor: Scale mail        |    47 |    22 ||    69
Dodge: Dodged            |    38 |    18 ||    56
Block: Buckler           |    18 |    12 ||    30
